 Dungeon Crawl Stone Soup version 0.20.1-1-g8b1a95d (webtiles) character file.

5778 Monsterracer the Basher (level 11, -2/84 HPs)
             Began as a Human Fighter on Oct 24, 2017.
             Was a Follower of Makhleb.
             Slain by an unseen horror (8 damage)
             ... on level 10 of the Dungeon.
             The game lasted 00:21:58 (12714 turns).

Monsterracer the Basher (Human Fighter)            Turns: 12714, Time: 00:21:59

Health: -2/84      AC: 15    Str: 21    XL:     11   Next: 6%
Magic:  14/14      EV:  6    Int: 16    God:    Makhleb [*.....]
Gold:   386        SH: 11    Dex: 12    Spells: 10/10 levels left

rFire    . . .     SeeInvis .   a - +1 flail
rCold    + . .     Gourm    +   c - +0 shield
rNeg     + . .     Faith    .   v - +1 plate armour
rPois    .         Spirit   .   (no helmet)
rElec    .         Reflect  .   (no cloak)
rCorr    .         Harm     .   x - +0 pair of gloves of the Sky {rC+ Int+8} (curse)
MR       .....                  (no boots)
Stlth    ..........             m - amulet of the gourmand
Regen    0.3/turn               k - ring of positive energy
MPRegen  0.2/turn               (no ring)

@: no status effects
A: no striking features
a: Renounce Religion


You were on level 10 of the Dungeon.
You worshipped Makhleb.
Makhleb was aware of your devotion.
You were completely stuffed.

You visited 2 branches of the dungeon, and saw 11 of its levels.

You collected 386 gold pieces.

Inventory:

Hand Weapons
 a - a +1 flail (weapon)
 h - a cursed -2 flail
Missiles
 w - a throwing net (quivered)
Armour
 c - a +0 shield (worn)
 v - a +1 plate armour (worn)
 x - the cursed +0 pair of gloves of the Sky (worn) {rC+ Int+8}
   (You found it on level 7 of the Dungeon)

   It affects your intelligence (+8).
   It protects you from cold.
   It has a curse placed upon it.
 y - a +0 scale mail of poison resistance
 C - a +0 large shield
 D - a +0 shield of protection
Jewellery
 k - a ring of positive energy (left hand)
 m - an amulet of the gourmand (around neck)
Wands
 r - a wand of random effects (48/48)
Scrolls
 b - a scroll of enchant weapon
 l - 3 scrolls of magic mapping
 p - a scroll of amnesia
 q - a scroll of teleportation
 A - a scroll of remove curse
Potions
 d - 2 potions of flight
 e - 2 potions of curing
 n - 2 potions of heal wounds
 s - a potion of brilliance
 t - 3 potions of resistance
 u - 2 potions of magic
 z - a potion of cancellation
 B - 2 potions of mutation
Comestibles
 f - 11 bread rations
 i - 6 meat rations
 j - 3 royal jellies
 o - a fruit
 E - 3 chunks of flesh


   Skills:
 + Level 7.0 Fighting
 * Level 9.5 Maces & Flails
 + Level 7.2 Armour
 + Level 4.4 Dodging
 + Level 7.2 Shields
 + Level 4.5 Invocations


You had 10 spell levels left.
You didn't know any spells.

Dungeon Overview and Level Annotations

Branches:
Dungeon (10/15)            Temple (1/1) D:7
   Lair: D:8-11         Orc: D:9-12

Altars:
Ashenzari
Cheibriados
Dithmenos
Elyvilon
Fedhas
Gozag
Hepliaklqana
Kikubaaqudgha
Makhleb
Nemelex Xobeh
Okawaru
Qazlal
Ru
Sif Muna
Trog
Uskayaw
Vehumet
Xom
Yredelemnul
Zin
The Shining One
Lugonu

Shops:
D:4 %

Annotations:
D:6 Prince Ribbit


Message History

* * * LOW HITPOINT WARNING * * *
Huge Dmg: -6%(-5hp) hp: 14%(11hp)
You thump something! Something hits you but does no damage.
You swing at nothing.
Something hits you but does no damage.
You miss something. You block something's attack.
You swing at nothing.
Something hits you but does no damage.
You swing at nothing.
Something hits you but does no damage.
You swing at nothing.
You block something's attack.
You swing at nothing.
You block something's attack. Something hits you but does no damage.
You closely miss something. Something hits you but does no damage.
You miss something. Something hits you but does no damage.
You swing at nothing.
You block something's attack.
You hit something. Something hits you but does no damage.
You miss something. Something hits you.
* * * LOW HITPOINT WARNING * * *
Damage: -2%(-2hp) hp: 15%(12hp) Unknown command.
You swing at nothing.
Something hits you but does no damage.
You sock something! Something hits you.
* * * LOW HITPOINT WARNING * * *
Damage: -1%(-1hp) hp: 14%(11hp) Unknown command.
You swing at nothing.
Something hits you but does no damage.
You hit something but do no damage. Something hits you but does no damage.
You swing at nothing.
Something hits you but does no damage.
You closely miss something. Something hits you but does no damage.
You swing at nothing.
Something hits you but does no damage.
You swing at nothing.
Something hits you but does no damage.
You barely miss something. You block something's attack.
You swing at nothing.
Something hits you.
* * * LOW HITPOINT WARNING * * *
Huge Dmg: -4%(-3hp) hp: 12%(10hp)
You swing at nothing.
Something hits you.
* * * LOW HITPOINT WARNING * * *
Damage: -2%(-2hp) hp: 10%(8hp)
You turn into a tree.
The cursed +0 pair of gloves of the Sky {rC+ Int+8} melds into your body.
Your +1 plate armour melds into your body.
Your roots penetrate the ground.
Something hits you but does no damage.
You cannot move.
You swing at nothing.
Something hits you but does no damage.
You swing at nothing.
You hit something but do no damage. Something hits you but does no damage.
You swing at nothing.
Something hits you but does no damage.
You sock something! Something hits you but does no damage.
You swing at nothing.
You closely miss something.
Something hits you but does no damage. x2
You barely miss something. Something hits you.
* * * LOW HITPOINT WARNING * * *
Damage: -0%(-1hp) hp: 12%(14hp)
You cannot move.
Unknown command.
You swing at nothing.
Something hits you but does no damage.
You sock something! Something hits you but does no damage.
You swing at nothing.
Something hits you but does no damage.
You closely miss something. Something hits you but does no damage.
You swing at nothing.
Something hits you but does no damage.
You closely miss something. Something hits you.
* * * LOW HITPOINT WARNING * * *
Damage: -1%(-1hp) hp: 12%(15hp)
You cannot move.
Unknown command.
You cannot move.
You swing at nothing.
Something hits you but does no damage.
You closely miss something. Something completely misses you.
You swing at nothing.
Something hits you.
* * * LOW HITPOINT WARNING * * *
Huge Dmg: -4%(-5hp) hp: 9%(11hp)
You closely miss something. Something completely misses you.
Unknown command.
You cannot move.
You swing at nothing.
You closely miss something.
Your transformation is almost over.
Something hits you but does no damage.
You swing at nothing.
Something hits you but does no damage.
You closely miss something. Something hits you but does no damage.
You swing at nothing.
Something hits you but does no damage.
You completely miss something. Something hits you but does no damage.
You swing at nothing.
Your shield prevents you from hitting something.
Something hits you.
* * * LOW HITPOINT WARNING * * *
Huge Dmg: -3%(-4hp) hp: 8%(9hp)
You swing at nothing.
Something hits you but does no damage.
You hit something. Something hits you but does no damage.
You swing at nothing.
You feel less wooden.
The cursed +0 pair of gloves of the Sky {rC+ Int+8} unmelds from your body.
Your +1 plate armour unmelds from your body.
Something hits you but does no damage.
Huge Dmg: -3%(-3hp) hp: 8%(6hp) Unknown command.
You hit something. Something hits you.
* * * LOW HITPOINT WARNING * * *
Unknown command.
You swing at nothing.
Something hits you but does no damage.
You swing at nothing.
Something hits you!
You die...

.....#......
#......#....
#...........
##..........
#.......(...
##..).....#
##.......###
#####.......##
#@)†.(......#
####....#.<.##
##...#..).#
#..###...#
#..# ##..#
#..# #... #..#
##..# #..# #..
...


There were no monsters in sight!

Vanquished Creatures
  Erolcha (D:9)
  A two-headed ogre (D:9)
  The ghost of dvd the Caller, a novice TrSu of Okawaru (D:6)
  Joseph (D:8)
  A hippogriff (D:7)
  A spriggan (D:7)
  Sigmund (D:3)
  A hungry ghost (D:7)
  A small abomination (D:7)
  A porcupine (D:8)
  Duvessa (D:5)
  2 phantoms
  An ice beast (D:7)
  An orc warrior (D:10)
  2 sky beasts
  A black bear (D:8)
  3 ogres
  2 centaurs
  A gnoll sergeant (D:10)
  2 bullfrogs (D:9)
  Dowan (D:5)
  6 scorpions
  2 centaur zombies
  A howler monkey (D:8)
  2 crimson imps
  2 quasits (D:7)
  7 hounds
  2 jellies
  3 orc priests
  4 orc wizards
  A bullfrog skeleton (D:8)
  A centaur skeleton (D:8)
  5 iguanas
  5 worker ants
  2 hound skeletons
  2 worker ant zombies
  5 gnolls (D:10)
  8 adders
  A howler monkey skeleton (D:7)
  2 river rats
  3 shadow imps
  An adder zombie (D:6)
  An adder skeleton (D:9)
  A worm (D:2)
  3 dart slugs
  4 leopard geckos
  29 orcs
  6 bats
  8 giant cockroaches
  8 goblins
  13 hobgoblins
  9 jackals
  A quokka (D:7)
  6 ball pythons
  2 frilled lizards
  7 kobolds
  2 leopard gecko zombies
  12 rats
  A plant (D:1)
205 creatures vanquished.

Vanquished Creatures (others)
  A human (D:5)
1 creature vanquished.

Grand Total: 206 creatures vanquished

Notes
Turn   | Place    | Note
-------+----------+-------------------------------------------
     0 | D:1      | Monsterracer the Human Fighter began the quest for the Orb.
     0 | D:1      | Reached XP level 1. HP: 18/18 MP: 1/1
   105 | D:1      | Reached skill level 1 in Dodging
   105 | D:1      | Reached XP level 2. HP: 19/24 MP: 2/2
   607 | D:1      | Reached XP level 3. HP: 26/29 MP: 3/3
   969 | D:2      | Reached XP level 4. HP: 25/35 MP: 4/4
   973 | D:2      | HP: 16/35 [goblin/stone (3)]
   980 | D:2      | HP: 12/35 [hobgoblin (2)]
   988 | D:2      | HP: 11/35 [goblin/uncursed club (2)]
  1587 | D:2      | Found a bloodstained altar of Trog.
  1819 | D:3      | Found a sacrificial altar of Ru.
  1826 | D:3      | Found a radiant altar of Vehumet.
  1884 | D:3      | Found a faded altar of an unknown god.
  1889 | D:3      | Reached skill level 3 in Maces & Flails
  1894 | D:3      | Became a worshipper of Hepliaklqana the Forgotten
  1894 | D:3      | Reached * piety under Hepliaklqana
  1895 | D:3      | Fell from the grace of Hepliaklqana
  2158 | D:3      | Found a shadowy altar of Dithmenos.
  2162 | D:3      | Noticed Sigmund
  2171 | D:3      | HP: 15/31 [Sigmund/scythe (9)]
  2175 | D:3      | Killed Sigmund
  2175 | D:3      | Was forgiven by Hepliaklqana
  2175 | D:3      | Reached XP level 5. HP: 11/42 MP: 5/5
  2175 | D:3      | Reached XP level 6. HP: 13/48 MP: 6/6
  2652 | D:3      | Reached skill level 4 in Maces & Flails
  2787 | D:3      | Noticed a phantom
  2801 | D:3      | Killed a phantom
  3023 | D:4      | Noticed a phantom
  3058 | D:4      | HP: 24/48 [phantom (2)]
  3064 | D:4      | HP: 23/48 [phantom (2)]
  3078 | D:4      | HP: 18/48 [phantom (7)]
  3097 | D:4      | HP: 17/48 [phantom (5)]
  3104 | D:4      | Killed a phantom
  3104 | D:4      | Reached XP level 7. HP: 14/54 MP: 7/7
  3105 | D:4      | HP: 14/54 [adder (1)]
  3112 | D:4      | HP: 11/54 [poisoned by an adder]
  3116 | D:4      | HP: 4/54 [adder (3)]
  3119 | D:4      | HP: 1/54 [poisoned by an adder]
  3573 | D:4      | Reached skill level 5 in Maces & Flails
  3715 | D:4      | Found Gudiss's Food Boutique.
  4162 | D:4      | Found a sacrificial altar of Ru.
  4288 | D:4      | Found a deep blue altar of Sif Muna.
  4366 | D:5      | Entered Level 5 of the Dungeon
  4375 | D:5      | Noticed Dowan
  4376 | D:5      | Noticed Duvessa
  4506 | D:5      | HP: 21/55 [Dowan/dagger of electrocution (19)]
  4507 | D:5      | Killed Dowan
  4725 | D:5      | Reached XP level 8. HP: 56/61 MP: 8/8
  4819 | D:5      | Found a shattered altar of Ashenzari.
  5413 | D:5      | Reached skill level 6 in Maces & Flails
  5529 | D:5      | HP: 26/61 [ogre/giant club (17)]
  5534 | D:5      | Reached skill level 5 in Shields
  5779 | D:5      | Reached skill level 5 in Armour
  5871 | D:5      | Killed Duvessa
  5871 | D:5      | Reached skill level 5 in Fighting
  6209 | D:4      | HP: 30/62 [orc priest/divine providence (10)]
  6519 | D:5      | Found an ancient bone altar of Kikubaaqudgha.
  6522 | D:5      | Noticed a human
  6523 | D:5      | Killed a human
  6797 | D:6      | Found a hide-covered altar of Uskayaw.
  6985 | D:6      | Found a basalt altar of Yredelemnul.
  6992 | D:6      | Reached XP level 9. HP: 68/68 MP: 9/9
  7041 | D:6      | Noticed dvd's ghost (novice TrSu)
  7368 | D:7      | Found a staircase to the Ecumenical Temple.
  7378 | Temple   | Entered the Ecumenical Temple
  7432 | Temple   | Became a worshipper of Makhleb the Destroyer
  7663 | D:7      | Found a transporter.
  7675 | D:7      | Got a pair of distressingly furry gloves
  7707 | D:7      | Reached skill level 7 in Maces & Flails
  7707 | D:7      | Reached skill level 1 in Invocations
  7726 | D:7      | Identified the cursed +0 pair of gloves of the Sky {rC+ Int+8} (You found it on level 7 of the Dungeon)
  7751 | D:7      | Found a corrupted altar of Lugonu.
  9099 | D:7      | Noticed a purple ugly thing
  9101 | D:7      | Found a transporter.
  9106 | D:7      | Noticed a green ugly thing
  9118 | D:7      | HP: 27/69 [small abomination (10)]
  9121 | D:7      | Reached skill level 8 in Maces & Flails
  9293 | D:7      | Noticed a red ugly thing
  9294 | D:7      | Noticed a purple ugly thing
  9406 | D:7      | HP: 34/69 [poisoned by dvd's ghost]
  9414 | D:7      | HP: 34/69 [poisoned by dvd's ghost]
  9423 | D:7      | HP: 34/69 [ball python (1)]
  9611 | D:6      | HP: 32/69 [dvd's ghost (3)]
  9615 | D:6      | Killed dvd's ghost
  9615 | D:6      | Reached XP level 10. HP: 26/76 MP: 12/12
  9616 | D:6      | HP: 22/76 [poisoned by dvd's ghost]
  9621 | D:6      | HP: 15/76 [poisoned by dvd's ghost]
  9626 | D:6      | HP: 11/76 [poisoned by dvd's ghost]
  9631 | D:6      | HP: 8/76 [poisoned by dvd's ghost]
  9636 | D:6      | HP: 6/76 [poisoned by dvd's ghost]
  9641 | D:6      | HP: 5/76 [poisoned by dvd's ghost]
  9648 | D:6      | HP: 4/76 [poisoned by dvd's ghost]
  9656 | D:6      | HP: 4/76 [poisoned by dvd's ghost]
 10358 | D:6      | Noticed Prince Ribbit
 10649 | D:8      | Noticed Joseph
 10795 | D:7      | HP: 37/77 [hippogriff (2)]
 10800 | D:7      | HP: 27/77 [hippogriff (5)]
 10805 | D:7      | HP: 18/77 [hippogriff (5)]
 11146 | D:8      | Killed Joseph
 11146 | D:8      | Reached * piety under Makhleb
 11151 | D:8      | HP: 38/77 [river rat (3)]
 11160 | D:8      | HP: 26/77 [porcupine's spines (8)]
 11624 | D:8      | Noticed a red ugly thing
 11724 | D:9      | Noticed Erolcha
 11741 | D:9      | Killed Erolcha
 11741 | D:9      | Reached skill level 9 in Maces & Flails
 11787 | D:9      | Noticed a two-headed ogre
 11813 | D:9      | Killed a two-headed ogre
 11819 | D:9      | Reached XP level 11. HP: 53/83 MP: 14/14
 11994 | D:9      | Found a shimmering altar of Xom.
 12103 | D:9      | HP: 42/84 [orc priest/divine providence (10)]
 12109 | D:9      | HP: 36/84 [orc priest/divine providence (8)]
 12131 | D:9      | HP: 35/84 [centaur/arrow (6)]
 12135 | D:10     | Entered Level 10 of the Dungeon
 12143 | D:10     | HP: 23/84 [orc warrior/mace (8)]
 12501 | D:10     | HP: 42/84 [poisoned by a gnoll sergeant]
 12507 | D:10     | HP: 38/84 [poisoned by a gnoll sergeant]
 12512 | D:10     | HP: 36/84 [poisoned by a gnoll sergeant]
 12517 | D:10     | HP: 31/84 [poisoned by a gnoll sergeant]
 12524 | D:10     | HP: 30/84 [poisoned by a gnoll sergeant]
 12532 | D:10     | HP: 23/84 [poisoned by a gnoll sergeant]
 12560 | D:10     | HP: 31/84 [gnoll (1)]
 12631 | D:10     | HP: 41/84 [something (7)]
 12639 | D:10     | HP: 25/84 [something (7)]
 12647 | D:10     | HP: 25/84 [something (1)]
 12655 | D:10     | HP: 18/84 [something (4)]
 12670 | D:10     | HP: 12/84 [something (2)]
 12680 | D:10     | HP: 10/84 [something (3)]
 12690 | D:10     | HP: 14/126 [something (1)]
 12696 | D:10     | HP: 15/126 [something (1)]
 12708 | D:10     | HP: 9/126 [something (5)]
 12714 | D:10     | Slain by an unseen horror

Skill      XL: |  1  2  3  4  5  6  7  8  9 10 11 |
---------------+----------------------------------+-----
Dodging        | 1 2 4 |  4.4
Maces & Flails | 3 4 5 6 8 9 |  9.5
Fighting       | 4 5 6 7 |  7.0
Armour         | 4 5 6 7 |  7.2
Shields        | 4 5 6 7 |  7.2
Invocations    | 3 4 |  4.5

Action                   |  1- 3 |  4- 6 |  7- 9 | 10-12 || total
-------------------------+-------+-------+-------+-------++-------
Melee: Flail             |   119 |   264 |   562 |   340 ||  1285
Throw: Throwing net      |       |       |       |     1 ||     1
Invok: Renounce Religion |       |     1 |       |       ||     1
  Use: Potion            |       |     1 |       |     1 ||     2
       Scroll            |       |       |    15 |     5 ||    20
 Stab: Paralysed         |       |       |     1 |       ||     1
       Held in net/web   |       |       |       |     1 ||     1
  Eat: Chunk             |       |    11 |    26 |    17 ||    54
       Fruit             |       |       |     5 |       ||     5
Armor: Scale mail        |    38 |    23 |    27 |       ||    88
       Chain mail        |       |   131 |    31 |       ||   162
       Plate armour      |       |       |   265 |   182 ||   447
       Skin              |       |       |       |    20 ||    20
Dodge: Dodged            |    35 |    79 |   130 |    75 ||   319
Block: Shield            |    45 |   148 |   294 |   164 ||   651

Vault maps used:
D:1:      scummos_arrival_star, serial_forest, infiniplex_forest_clump_long,
          infiniplex_forest_corner_1, infiniplex_forest_pool,
          infiniplex_forest_straight_5, infiniplex_forest_join,
          infiniplex_forest_clump_C
D:2:      bloody_trog, first_bread
D:3:      nicolae_dithmenos_through_a_glass_darkly, minitemple,
          portal_sewer_entry_b, chequers_ecumenical_altar_simple, uniq_sigmund
D:4:      led_sif_pool, serial_shops, nicolae_shop_stone,
          nicolae_ru_great_annihilating_truth
D:5:      ashenzari_conservatory_becter, tgw_kikubaaqudgha, uniq_duvessa
D:6:      eat_drink_and_be_merry_uskayaw, lemuel_crystal_altar,
          uniq_prince_ribbit1
D:7:      gammafunk_corrupted_shrine, minmay_temple_entry_purple_smoke,
          the_bakery
D:8:      dpeg_lair_monsters, nicolae_wwwww, uniq_joseph
D:9:      basic_altar, uniq_erolcha, uniq_erica
D:10:     grunt_gozag_statues
Temple:   dshaligram_water_room_temple
